TOP OF THE 1ST |
State College Spikes batting - Pitching for Los Angeles (NYP) Dodgers : RHP Cameron Williams
|
Pitching: RHP Cameron Williams
|
|
Batting: RHB Tim Cleary
|
0-0: Called Strike 0-1: Foul Ball, location: 2F 0-2: Foul Ball, location: 2F 0-2: Ground out 3-1 (Groundball, 34S, EV 93.1 MPH)
|
Batting: LHB Jorge Zarazua
|
0-0: Ball 1-0: Foul Ball, location: 2F 1-1: Ball 2-1: Ground out U3 (Groundball, 3, EV 104.4 MPH)
|
Batting: RHB Tommy Tracy
|
0-0: Ball 1-0: Ball 2-0: Hit by Pitch
|
Batting: SHB Gerardo Macias
|
0-0: Ball 1-0: Foul Ball, location: 2F 1-1: Ball 2-1: Called Strike 2-2: Ball 3-2: Base on Balls Tommy Tracy to second
|
Batting: LHB Keith Rice
|
0-0: Ball 1-0: SINGLE (Groundball, 34D, EV 97.5 MPH) Tommy Tracy to third Gerardo Macias to second Runner from 3rd tries for Home, SAFE, throw by RF to home
|
Batting: RHB Ben Politi
|
0-0: Fly out, F8 (Flyball, 8RM, EV 91.9 MPH)
|
Top of the 1st over - 1 run, 1 hit, 0 errors, 2 left on base; State College 1 - Los Angeles (NYP) 0 |
BOTTOM OF THE 1ST |
Los Angeles (NYP) Dodgers batting - Pitching for State College Spikes : LHP Bobby Enright
|
Pitching: LHP Bobby Enright
|
|
Batting: RHB Theo Schepers
|
0-0: Called Strike 0-1: Swinging Strike 0-2: Foul Ball, location: 2F 0-2: Ball 1-2: Strikes out swinging
|
Batting: RHB Ivan Ramirez
|
0-0: Called Strike 0-1: Foul Ball, location: 2F 0-2: Ball 1-2: Foul Ball, location: 2F 1-2: Ball 2-2: Ball 3-2: Strikes out swinging
|
Batting: RHB Steve Perez
|
0-0: Ball 1-0: Called Strike 1-1: Ball 2-1: Swinging Strike 2-2: Ground out 6-3 (Groundball, 6, EV 101.9 MPH)
|
Bottom of the 1st over - 0 runs, 0 hits, 0 errors, 0 left on base; State College 1 - Los Angeles (NYP) 0 |
TOP OF THE 2ND |
State College Spikes batting - Pitching for Los Angeles (NYP) Dodgers : RHP Cameron Williams
|
Batting: RHB Vic Nelson
|
0-0: Ball 1-0: Called Strike 1-1: Ball 2-1: Called Strike 2-2: SINGLE (Flyball, 9LS, EV 83.1 MPH)
|
Batting: RHB Nick Latulippe
|
0-0: Foul Ball, location: 2F 0-1: Called Strike 0-2: Foul Ball, location: 2F 0-2: Fielders Choice at 2nd, 4-6 (Groundball, 4M, EV 91.2 MPH)
|
Batting: RHB Bernard Claude
|
0-0: Called Strike 0-1: Called Strike Nick Latulippe steals 2nd base (no throw) 0-2: Strikes out swinging
|
Batting: RHB Tim Cleary
|
0-0: Ball 1-0: Called Strike 1-1: SINGLE (Line Drive, 4M, EV 100.6 MPH) Nick Latulippe to third Runner from 3rd tries for Home, SAFE, throw by CF to home Tim Cleary to second
|
Batting: LHB Jorge Zarazua
|
0-0: Called Strike 0-1: Ball 1-1: Swinging Strike 1-2: Foul Ball, location: 2F 1-2: Ball 2-2: Strikes out swinging
|
Top of the 2nd over - 1 run, 2 hits, 0 errors, 1 left on base; State College 2 - Los Angeles (NYP) 0 |
BOTTOM OF THE 2ND |
Los Angeles (NYP) Dodgers batting - Pitching for State College Spikes : LHP Bobby Enright
|
Batting: RHB Javier Solis
|
0-0: Foul Ball, location: 2F 0-1: Ball 1-1: Swinging Strike 1-2: Ball 2-2: Foul Ball, location: 2F 2-2: DOUBLE (Line Drive, 78M, EV 90.0 MPH)
|
Batting: LHB Bobby Gambrell
|
0-0: Swinging Strike 0-1: Foul Ball, location: 2F 0-2: TRIPLE (Flyball, 89XD, EV 98.8 MPH) Javier Solis scores
|
Batting: LHB Hyoji Toda
|
0-0: Ball 1-0: Foul Ball, location: 2F 1-1: Ball 2-1: Fly out, F9 (Flyball, 9LS, EV 70.0 MPH)
|
Batting: RHB Robby Cuellar
|
0-0: Called Strike 0-1: Ball 1-1: Ball 2-1: Fly out, F8 (Flyball, 78M, EV 90.0 MPH)
|
Batting: RHB Ben Welt
|
0-0: Ground out 4-3 (Groundball, 4, EV 103.1 MPH)
|
Bottom of the 2nd over - 1 run, 2 hits, 0 errors, 1 left on base; State College 2 - Los Angeles (NYP) 1 |
TOP OF THE 3RD |
State College Spikes batting - Pitching for Los Angeles (NYP) Dodgers : RHP Cameron Williams
|
Batting: RHB Tommy Tracy
|
0-0: Called Strike 0-1: Fly out, F9 (Flyball, 9, EV 96.2 MPH)
|
Batting: SHB Gerardo Macias
|
0-0: Called Strike 0-1: Called Strike 0-2: Hit by Pitch
|
Batting: LHB Keith Rice
|
0-0: Called Strike 0-1: Ball 1-1: Ball 2-1: Foul Ball, location: 2F 2-2: Ball 3-2: Strikes out looking Gerardo Macias steals 2nd base Batter strikes out.
|
Batting: RHB Ben Politi
|
0-0: Ball 1-0: Ball 2-0: Ball 3-0: Called Strike 3-1: Ground out U3 (Groundball, 34, EV 83.1 MPH)
|
Top of the 3rd over - 0 runs, 0 hits, 0 errors, 1 left on base; State College 2 - Los Angeles (NYP) 1 |
BOTTOM OF THE 3RD |
Los Angeles (NYP) Dodgers batting - Pitching for State College Spikes : LHP Bobby Enright
|
Batting: RHB Alex Mejia
|
0-0: Called Strike 0-1: Foul Ball, location: 2F 0-2: Ball 1-2: Ground out 1-3 (Groundball, 13S, EV 73.1 MPH)
|
Batting: RHB Theo Schepers
|
0-0: Ball 1-0: Ball 2-0: SINGLE (Groundball, 5S, EV 71.9 MPH) (infield hit)
|
Batting: RHB Ivan Ramirez
|
0-0: Ball 1-0: Fielders Choice at 2nd, 6-4 (Groundball, 6, EV 83.8 MPH)
|
Batting: RHB Steve Perez
|
0-0: Called Strike 0-1: Ball 1-1: DOUBLE (Line Drive, 7LS, EV 106.2 MPH) Ivan Ramirez to third
|
Batting: RHB Javier Solis
|
0-0: Called Strike 0-1: Ball 1-1: Ball 2-1: Foul Ball, location: 2F 2-2: Foul Ball, location: 2F 2-2: Strikes out swinging
|
Bottom of the 3rd over - 0 runs, 2 hits, 0 errors, 2 left on base; State College 2 - Los Angeles (NYP) 1 |
TOP OF THE 4TH |
State College Spikes batting - Pitching for Los Angeles (NYP) Dodgers : RHP Cameron Williams
|
Batting: RHB Vic Nelson
|
0-0: Called Strike 0-1: SINGLE (Line Drive, 34, EV 96.9 MPH)
|
Batting: RHB Nick Latulippe
|
0-0: Fly out, F6 (Popup, 6MD, EV 68.8 MPH)
|
Batting: RHB Bernard Claude
|
0-0: Ball 1-0: Called Strike 1-1: Called Strike 1-2: Ball 2-2: Ball 3-2: Base on Balls Vic Nelson to second
|
Batting: RHB Tim Cleary
|
0-0: Called Strike 0-1: Grounds into double play, 5-4-3 (Groundball, 5, EV 89.4 MPH)
|
Top of the 4th over - 0 runs, 1 hit, 0 errors, 1 left on base; State College 2 - Los Angeles (NYP) 1 |
BOTTOM OF THE 4TH |
Los Angeles (NYP) Dodgers batting - Pitching for State College Spikes : LHP Bobby Enright
|
Batting: LHB Bobby Gambrell
|
0-0: Foul Ball, location: 2F 0-1: Ball 1-1: Foul Ball, location: 2F 1-2: Ball 2-2: Ball 3-2: Strikes out looking
|
Batting: LHB Hyoji Toda
|
0-0: Ground out 1-3 (Groundball, 13S, EV 73.8 MPH)
|
Batting: RHB Robby Cuellar
|
0-0: Called Strike 0-1: Fly out, F9 (Flyball, 89D, EV 110.0 MPH)
|
Bottom of the 4th over - 0 runs, 0 hits, 0 errors, 0 left on base; State College 2 - Los Angeles (NYP) 1 |
TOP OF THE 5TH |
State College Spikes batting - Pitching for Los Angeles (NYP) Dodgers : RHP Cameron Williams
|
Batting: LHB Jorge Zarazua
|
0-0: Ball 1-0: Ball 2-0: Called Strike 2-1: Ball 3-1: Foul Ball, location: 2F 3-2: Foul Ball, location: 2F 3-2: Base on Balls
|
Pitching: RHP Gabe Pomales
|
|
Batting: RHB Tommy Tracy
|
0-0: Reached on error, E6 (Groundball, 6S, EV 94.4 MPH) Jorge Zarazua to second
|
Batting: SHB Gerardo Macias
|
0-0: Called Strike 0-1: Ball 1-1: Called Strike 1-2: Foul Ball, location: 2F 1-2: Ball 2-2: SINGLE (Flyball, 8LS, EV 94.4 MPH) Jorge Zarazua to third Tommy Tracy to second Runner from 3rd tries for Home, SAFE, throw by CF to home
|
Batting: LHB Keith Rice
|
0-0: Ball Tommy Tracy steals 3rd base Gerardo Macias to second 1-0: Called Strike 1-1: Ball 2-1: Called Strike 2-2: Ball Wild Pitch! Tommy Tracy scores Gerardo Macias to third 3-2: Foul Ball, location: 2F 3-2: Foul Ball, location: 2F 3-2: Foul Ball, location: 2F 3-2: SINGLE (Groundball, 34D, EV 102.5 MPH) Gerardo Macias scores
|
Batting: RHB Ben Politi
|
0-0: Foul Ball, location: 2F 0-1: Called Strike 0-2: Ball 1-2: Strikes out swinging
|
Batting: RHB Vic Nelson
|
Pickoff Throw to First - Error! E1 Keith Rice to second 0-0: Called Strike 0-1: Foul Ball, location: 2F 0-2: Ground out 6-3 (Groundball, 6S, EV 80.6 MPH)
|
Batting: RHB Nick Latulippe
|
0-0: Called Strike 0-1: SINGLE (Line Drive, 9S, EV 91.9 MPH) Keith Rice to third Runner from 3rd tries for Home, SAFE, throw by RF to home
|
Batting: RHB Bernard Claude
|
0-0: Called Strike Nick Latulippe steals 2nd base 0-1: Ball 1-1: Called Strike 1-2: Strikes out swinging
|
Top of the 5th over - 4 runs, 3 hits, 2 errors, 1 left on base; State College 6 - Los Angeles (NYP) 1 |
BOTTOM OF THE 5TH |
Los Angeles (NYP) Dodgers batting - Pitching for State College Spikes : LHP Bobby Enright
|
Now at 1B: Adam Hudson
|
|
Batting: RHB Ben Welt
|
0-0: Ball 1-0: Swinging Strike 1-1: Ball 2-1: Ball 3-1: Ground out 4-3 (Groundball, 4MD, EV 104.4 MPH)
|
Batting: RHB Alex Mejia
|
0-0: Ground out U3 (Groundball, 3, EV 88.8 MPH)
|
Batting: RHB Theo Schepers
|
0-0: Foul Ball, location: 2F 0-1: Foul Ball, location: 2F 0-2: Ball 1-2: Ball 2-2: Ball 3-2: Strikes out looking
|
Bottom of the 5th over - 0 runs, 0 hits, 0 errors, 0 left on base; State College 6 - Los Angeles (NYP) 1 |
TOP OF THE 6TH |
State College Spikes batting - Pitching for Los Angeles (NYP) Dodgers : RHP Gabe Pomales
|
Batting: RHB Tim Cleary
|
0-0: Ball 1-0: Swinging Strike 1-1: Ball 2-1: Ball 3-1: Base on Balls
|
Batting: RHB Adam Hudson
|
0-0: Ball 1-0: Ball Tim Cleary steals 2nd, throwing error, E2 Tim Cleary to third 2-0: Called Strike 2-1: DOUBLE (Flyball, 8RXD, EV 106.2 MPH) Tim Cleary scores
|
Pitching: LHP Kai Klindt
|
|
Batting: RHB Tommy Tracy
|
0-0: Ball 1-0: Fly out, F9 (Flyball, 9, EV 91.9 MPH)
|
Batting: SHB Gerardo Macias
|
0-0: Fly out, F8 (Flyball, 8LD, EV 103.8 MPH)
|
Batting: LHB Keith Rice
|
0-0: Called Strike 0-1: Swinging Strike 0-2: Strikes out swinging
|
Top of the 6th over - 1 run, 1 hit, 1 error, 1 left on base; State College 7 - Los Angeles (NYP) 1 |
BOTTOM OF THE 6TH |
Los Angeles (NYP) Dodgers batting - Pitching for State College Spikes : LHP Bobby Enright
|
Batting: RHB Ivan Ramirez
|
0-0: Ground out 4-3 (Groundball, 4, EV 78.1 MPH)
|
Batting: RHB Steve Perez
|
0-0: Ball 1-0: Ball 2-0: Ball 3-0: Called Strike 3-1: Swinging Strike 3-2: Base on Balls
|
Batting: RHB Javier Solis
|
0-0: Ball 1-0: Ball Passed Ball! Steve Perez to second 2-0: Called Strike 2-1: Fly out, F5 (Popup, 25F, EV 91.2 MPH)
|
Batting: LHB Bobby Gambrell
|
0-0: Ball 1-0: Swinging Strike 1-1: Ball 2-1: Ground out 4-3 (Groundball, 4, EV 82.5 MPH)
|
Bottom of the 6th over - 0 runs, 0 hits, 0 errors, 1 left on base; State College 7 - Los Angeles (NYP) 1 |
TOP OF THE 7TH |
State College Spikes batting - Pitching for Los Angeles (NYP) Dodgers : LHP Kai Klindt
|
Batting: RHB Ben Politi
|
0-0: Ball 1-0: Ball 2-0: SINGLE (Groundball, 4MD, EV 105.6 MPH)
|
Batting: RHB Vic Nelson
|
0-0: Ball Ben Politi steals 2nd base 1-0: Swinging Strike 1-1: Called Strike 1-2: Foul Ball, location: 2F 1-2: Ground out 4-3 (Groundball, 4, EV 104.4 MPH) Ben Politi to third
|
Batting: RHB Nick Latulippe
|
0-0: Foul Ball, location: 2F 0-1: Ball 1-1: Ball 2-1: Ground out U3 (Groundball, 3S, EV 86.2 MPH)
|
Batting: RHB Bernard Claude
|
0-0: Ball 1-0: Called Strike 1-1: Swinging Strike 1-2: Ball 2-2: Strikes out looking
|
Top of the 7th over - 0 runs, 1 hit, 0 errors, 1 left on base; State College 7 - Los Angeles (NYP) 1 |
BOTTOM OF THE 7TH |
Los Angeles (NYP) Dodgers batting - Pitching for State College Spikes : LHP Bobby Enright
|
Pitching: LHP Matt Donnelly
|
|
Batting: LHB Hyoji Toda
|
0-0: Called Strike 0-1: Swinging Strike 0-2: Ball 1-2: Strikes out swinging
|
Batting: RHB Robby Cuellar
|
0-0: Fly out, F8 (Flyball, 8RD, EV 91.2 MPH)
|
Batting: RHB Ben Welt
|
0-0: Ball 1-0: Called Strike 1-1: Fly out, F8 (Flyball, 8RD, EV 106.9 MPH)
|
Bottom of the 7th over - 0 runs, 0 hits, 0 errors, 0 left on base; State College 7 - Los Angeles (NYP) 1 |
TOP OF THE 8TH |
State College Spikes batting - Pitching for Los Angeles (NYP) Dodgers : LHP Kai Klindt
|
Batting: RHB Tim Cleary
|
0-0: Called Strike 0-1: Ball 1-1: Ball 2-1: Called Strike 2-2: Ball 3-2: Ground out U3 (Groundball, 34S, EV 81.9 MPH)
|
Batting: RHB Adam Hudson
|
0-0: Ball 1-0: Ball 2-0: Called Strike 2-1: Ground out 5-3 (Groundball, 56, EV 105.0 MPH)
|
Batting: RHB Tommy Tracy
|
0-0: Ball 1-0: Called Strike 1-1: Foul Ball, location: 2F 1-2: Foul Ball, location: 2F 1-2: Strikes out looking
|
Top of the 8th over - 0 runs, 0 hits, 0 errors, 0 left on base; State College 7 - Los Angeles (NYP) 1 |
BOTTOM OF THE 8TH |
Los Angeles (NYP) Dodgers batting - Pitching for State College Spikes : LHP Matt Donnelly
|
Batting: RHB Alex Mejia
|
0-0: Called Strike 0-1: Ball 1-1: SOLO HOME RUN (Flyball, 7LD, EV 96.2 MPH), Distance : 366 ft
|
Batting: RHB Theo Schepers
|
0-0: Ball 1-0: Ground out 4-3 (Groundball, 4, EV 82.5 MPH)
|
Batting: RHB Ivan Ramirez
|
0-0: Called Strike 0-1: Swinging Strike 0-2: Ground out 1-3 (Groundball, 34S, EV 70.0 MPH)
|
Batting: RHB Steve Perez
|
0-0: Foul Ball, location: 2F 0-1: Fly out, F9 (Flyball, 9S, EV 89.4 MPH)
|
Bottom of the 8th over - 1 run, 1 hit, 0 errors, 0 left on base; State College 7 - Los Angeles (NYP) 2 |
TOP OF THE 9TH |
State College Spikes batting - Pitching for Los Angeles (NYP) Dodgers : LHP Kai Klindt
|
Batting: SHB Gerardo Macias
|
0-0: Ball 1-0: Called Strike 1-1: Called Strike 1-2: Foul Ball, location: 2F 1-2: DOUBLE (Flyball, 8RXD, EV 98.1 MPH)
|
Batting: LHB Keith Rice
|
0-0: Ball 1-0: Ball 2-0: Called Strike 2-1: Called Strike 2-2: Foul Ball, location: 2F 2-2: Ball 3-2: Strikes out looking
|
Batting: RHB Ben Politi
|
0-0: Foul Ball, location: 2F 0-1: Ball 1-1: Foul Ball, location: 2F 1-2: Strikes out looking
|
Pitching: RHP Dae-je Chung
|
|
Batting: RHB Vic Nelson
|
0-0: Ball 1-0: Ball 2-0: Called Strike 2-1: Ball 3-1: Called Strike 3-2: Foul Ball, location: 2F 3-2: Foul Ball, location: 2F 3-2: SINGLE (Flyball, 5D, EV 93.1 MPH) Gerardo Macias to third Runner from 3rd tries for Home, SAFE, throw by LF to home
|
Batting: RHB Nick Latulippe
|
0-0: Ball 1-0: Foul Ball, location: 2F 1-1: Foul Ball, location: 2F 1-2: Strikes out looking
|
Top of the 9th over - 1 run, 2 hits, 0 errors, 1 left on base; State College 8 - Los Angeles (NYP) 2 |
BOTTOM OF THE 9TH |
Los Angeles (NYP) Dodgers batting - Pitching for State College Spikes : LHP Matt Donnelly
|
Batting: RHB Javier Solis
|
0-0: Foul Ball, location: 2F 0-1: SINGLE (Groundball, 6MD, EV 110.6 MPH)
|
Batting: LHB Bobby Gambrell
|
0-0: Called Strike 0-1: Fly out, F5 (Popup, 5SF, EV 75.6 MPH)
|
Batting: LHB Hyoji Toda
|
0-0: Foul Ball, location: 2F 0-1: Foul Ball, location: 2F 0-2: Ball 1-2: Foul Ball, location: 2F 1-2: Strikes out swinging
|
Batting: RHB Robby Cuellar
|
0-0: SINGLE (Groundball, 56D, EV 98.1 MPH) Javier Solis to second
|
Batting: RHB Ben Welt
|
0-0: Fly out, F9 (Flyball, 9, EV 80.6 MPH)
|
Bottom of the 9th over - 0 runs, 2 hits, 0 errors, 2 left on base; State College 8 - Los Angeles (NYP) 2 |
|